 Dungeon Crawl Stone Soup version 0.26.1-2-gb8aa6d0cf2 (webtiles) character file.

Game seed: 12189648081427625467

140 funkygono the Firebug (level 5, -3/35 HPs)
             Began as a Demonspawn Fire Elementalist on Feb 22, 2021.
             Killed by divine providence
             ... invoked by an orc priest
              (13 damage)
             ... on level 3 of the Dungeon.
             The game lasted 00:05:27 (2715 turns).

funkygono the Firebug (DsFE)                        Turns: 2715, Time: 00:05:28

Health: -3/35      AC:  3    Str:  9    XL:     5   Next: 2%
Magic:  1/10       EV: 12    Int: 17    God:
Gold:   168        SH:  0    Dex: 13    Spells: 9/10 levels left

rFire    . . .     SeeInvis .   g - +1 whip
rCold    . . .     Faith    .   (no shield)
rNeg     . . .     Spirit   .   a - +0 robe
rPois    .         Reflect  .   (helmet restricted)
rElec    .         Harm     .   e - +0 cloak
rCorr    .         Rampage  .   (no gloves)
Will     .....                  (no boots)
Stlth    ++........             (no amulet)
HPRegen  0.11/turn              (no ring)
MPRegen  0.12/turn              (no ring)

@: no status effects
A: antennae 1, powered by death 2
a: no special abilities


You were on level 3 of the Dungeon.
You visited 1 branch of the dungeon, and saw 3 of its levels.

You collected 168 gold pieces.

Inventory:

Hand Weapons
 g - a +1 whip (weapon)
Armour
 a - a +0 robe (worn)
 e - a +0 cloak (worn)
Scrolls
 f - a scroll of remove curse
Potions
 b - a potion of heal wounds
 c - a potion of brilliance {unknown}
 d - a potion of degeneration {unknown}
 k - a potion of invisibility
 l - a potion of attraction


   Skills:
 + Level 0.1 Fighting
 + Level 2.0 Dodging
 + Level 1.9 Stealth
 * Level 3.3 Spellcasting
 * Level 2.2 Conjurations
 * Level 3.6 Fire Magic


You had 9 spell levels left.
You knew the following spells:

 Your Spells              Type           Power        Failure   Level
a - Foxfire               Conj/Fire      48%          4%          1

Your spell library contained the following spells:

 Spells                   Type           Power        Failure   Level
 Conjure Flame            Conj/Fire      12%          16%         3
 Inner Flame              Hex/Fire       9%           24%         3
 Sticky Flame             Conj/Fire      12%          45%         4
 Fireball                 Conj/Fire      6%           80%         5


Dungeon Overview and Level Annotations

Branches:
Dungeon (3/15)

Altars:


Innate Abilities, Weirdness & Mutations

You have a pair of small antennae on your head.
You regenerate health from kills.


Message History

You conjure some foxfire!
The orc priest miscasts a cantrip.
The orc closely misses you.
The foxfire hits the orc.
You kill the orc!
The foxfire hits the orc priest.
The orc priest is moderately wounded.
The orc priest invokes the aid of Beogh against you.
Beogh smites you!
* * * LOW HITPOINT WARNING * * *
Casting: Foxfire (safe; 4% risk of failure)
Confirm with . or Enter, or press ? or * to list all spells.
You conjure some foxfire!
The foxfire hits the orc priest.
The orc priest is heavily wounded.
The foxfire hits the orc priest but does no damage.
The orc priest is heavily wounded.
The orc priest calls down the wrath of Beogh upon you.
Beogh smites you!
You die...

#.# ###### #.# .....# #.# ####.#
#.# ####.# #.# #....# #.# #....#
#.# #....####### #.# ...÷.......#
#@# #)...#####.### #.#
#....##......# #.# ####.##......#
#.# ####.##......# #.# ####
...#.##......# #o# ###### #...
##.#.##......###o######....###...
<÷...........o§.......'..†.....>.
.#.#.#######o###.##.###....###...


You could see an orc priest and an orc.

Vanquished Creatures
  An orc wizard (D:3)
  3 adders
  An ufetubus (D:3)
  2 dart slugs
  5 leopard geckos
  2 orcs (D:3)
  11 bats
  6 giant cockroaches
  8 goblins
  5 hobgoblins
  2 jackals (D:1)
  2 quokkas
  5 frilled lizards
  6 kobolds
  7 rats
66 creatures vanquished.

Vanquished Creatures (others)
  203 foxfires
203 creatures vanquished.

Grand Total: 269 creatures vanquished

Notes
Turn   | Place    | Note
-------+----------+-------------------------------------------
     0 | D:1      | funkygono the Demonspawn Fire Elementalist began the quest
                  | for the Orb.
     0 | D:1      | Reached XP level 1. HP: 13/13 MP: 3/3
   136 | D:1      | Gained mutation: You have a pair of small antennae on your
                  | head. [demonic ancestry]
   136 | D:1      | Reached XP level 2. HP: 19/19 MP: 3/5
   814 | D:1      | Reached XP level 3. HP: 23/24 MP: 1/6
  2073 | D:3      | Gained mutation: You regenerate a little health from kills.
                  | [demonic ancestry]
  2073 | D:3      | Reached XP level 4. HP: 27/30 MP: 2/8
  2680 | D:3      | Gained mutation: You regenerate health from kills. [demonic
                  | ancestry]
  2680 | D:3      | Reached XP level 5. HP: 21/35 MP: 2/10
  2715 | D:3      | Killed from afar by an orc priest

Illustrated notes

Levels and vault maps discovered:
D:1:      tarquinn_simple_flora_water_a, layout_rooms
D:2:      layout_basic
D:3:      layout_basic, corexii_item_surrounded_by_moat

Skill      XL: |  1  2  3  4 |
---------------+-------------+-----
Fire Magic     | 3 |  3.6
Conjurations   | 2 |  2.2
Dodging        | 2 |  2.0
Spellcasting   | 3 |  3.3
Fighting       | |  0.1
Stealth        | |  1.9

Action                   |  1- 3 |  4- 6 || total
-------------------------+-------+-------++-------
Melee: Club              |     8 |       ||     8
       Whip              |       |     3 ||     3
 Cast: Foxfire           |    76 |    39 ||   115
  Use: Scroll            |     6 |       ||     6
Armor: Robe              |    12 |     4 ||    16
Dodge: Dodged            |    39 |    11 ||    50
